| Goals | Penalties |
No Goal
|
Danny DeKeyser (VAN) for Interference (Minor) at 8:09
|
1. Roadrunners , Linus Karlsson 14 (Fredrik Karlstrom 15, William Eklund 27) at 7:32
|
Will Lockwood (VAN) for Interference (Minor) at 0:14 Trey Fix-Wolansky (PHO) for Tripping (Minor) at 1:31 Max Willman (VAN) for Hooking (Minor) at 12:56
|
2. Roadrunners , Trey Fix-Wolansky 5 (Linus Karlsson 19, Jake Massie 9) at 12:45 (PP)
3. Canucks , Max Willman 14 (Connor Ford 8, Jacob Bryson 15) at 13:25
|
Stanislav Svozil (PHO) for Hooking (Minor) at 10:35 Will Lockwood (VAN) for Holding Stick (Minor) at 11:07 Adam Cracknell (VAN) for Roughing (Minor) at 13:31
|
|
Calvin Pickard (VAN), 23 saves from 25 shots - (0,920), L, 47-16-12, 60:00 minutes
Daniil Chechelev (PHO), 17 saves from 18 shots - (0,944), W, 24-25-8, 60:00 minutes
|
|
1 - Linus Karlsson (PHO)
2 - Fredrik Karlstrom (PHO)
3 - William Eklund (PHO)
|
Referees : Peter MacDougall and Jacob Brenk
Linesman : Shandor Alphonso and Ryan Galloway
|
|
8:13 of 2nd period - Canucks goal is going for a video replay. After video review, No Goal. The puck has been kicked using a distinct kicking motion.
|
| Team Name |
Goals |
Shots |
Shots Attemp |
Shots Blocked |
PIM |
HIT |
PP |
PK |
FO% |
| Canucks |
1 | 18 | 28 | 2 | 10 | 12 | 0 / 2 (0%) | 1 | 26% |
| Roadrunners |
2 | 25 | 36 | 3 | 4 | 23 | 1 / 5 (20%) | 0 | 74% |
Canucks
| Player Name |
POS |
G |
A |
P |
+/- |
PIM |
HIT |
SHT |
SB |
MP |
PP MP |
PP SHT |
PK MP |
PK SHT |
FO% |
FOT |
GA |
TA |
| Adam Cracknell | C/LW/RW | 0 | 0 | 0 | -1 | 2 | 1 | 0 | 1 | 19:54 | 1:03 | 0 | 1:02 | 0 | 100% |
1 | 0 | 1 |
| Brogan Rafferty | D | 0 | 0 | 0 | 0 | 0 | 0 | 2 | 0 | 18:32 | 0:36 | 0 | 3:17 | 0 | 0% |
0 | 0 | 0 |
| Chris Wagner | C | 0 | 0 | 0 | 1 | 0 | 1 | 2 | 0 | 15:58 | 0:00 | 0 | 0:00 | 0 | 0% |
5 | 0 | 0 |
| Connor Ford | C/LW/RW | 0 | 1 | 1 | 1 | 0 | 1 | 1 | 0 | 17:24 | 0:00 | 0 | 2:31 | 0 | 0% |
0 | 0 | 2 |
| Danny DeKeyser | D | 0 | 0 | 0 | 0 | 2 | 1 | 2 | 1 | 24:37 | 1:13 | 0 | 3:08 | 1 | 0% |
0 | 1 | 1 |
| Dawson Barteaux | D | 0 | 0 | 0 | 0 | 0 | 0 | 0 | 0 | 6:59 | 0:00 | 0 | 0:00 | 0 | 0% |
0 | 0 | 0 |
| Gabriel Dumont | C | 0 | 0 | 0 | 0 | 0 | 0 | 2 | 0 | 18:22 | 0:46 | 0 | 2:24 | 0 | 14% |
7 | 0 | 0 |
| Jacob Bryson | D | 0 | 1 | 1 | 0 | 0 | 1 | 1 | 0 | 26:01 | 1:13 | 0 | 4:08 | 0 | 0% |
0 | 3 | 0 |
| Lane Hutson | D | 0 | 0 | 0 | 0 | 0 | 0 | 0 | 0 | 10:57 | 0:00 | 0 | 0:00 | 0 | 0% |
0 | 0 | 0 |
| Marcus Bjork | D | 0 | 0 | 0 | 0 | 0 | 1 | 0 | 0 | 17:57 | 0:36 | 0 | 3:17 | 0 | 0% |
0 | 0 | 1 |
| Max Willman | LW | 1 | 0 | 1 | 1 | 2 | 1 | 1 | 0 | 16:02 | 0:00 | 0 | 0:11 | 0 | 0% |
1 | 0 | 0 |
| Michael Benning | D | 0 | 0 | 0 | 0 | 0 | 0 | 0 | 0 | 11:41 | 0:00 | 0 | 1:00 | 0 | 0% |
0 | 0 | 0 |
| Nils Aman | C | 0 | 0 | 0 | -1 | 0 | 3 | 3 | 0 | 24:11 | 1:03 | 0 | 4:09 | 0 | 30% |
27 | 1 | 1 |
| Olivier Galipeau | D | 0 | 0 | 0 | 0 | 0 | 0 | 0 | 0 | 6:27 | 0:00 | 0 | 0:00 | 0 | 0% |
0 | 0 | 0 |
| Olivier LeBlanc | D | 0 | 0 | 0 | 0 | 0 | 0 | 0 | 0 | 0:00 | 0:00 | 0 | 0:00 | 0 | 0% |
0 | 0 | 0 |
| Olle Lycksell | RW | 0 | 0 | 0 | 0 | 0 | 0 | 1 | 0 | 17:00 | 0:46 | 0 | 0:00 | 0 | 0% |
0 | 1 | 0 |
| Turner Elson | LW | 0 | 0 | 0 | 0 | 0 | 2 | 0 | 0 | 17:57 | 0:46 | 0 | 1:26 | 0 | 0% |
0 | 1 | 0 |
| Will Lockwood | RW | 0 | 0 | 0 | -1 | 4 | 0 | 3 | 0 | 20:22 | 1:02 | 0 | 3:07 | 0 | 50% |
2 | 1 | 0 |
Roadrunners
| Player Name |
POS |
G |
A |
P |
+/- |
PIM |
HIT |
SHT |
SB |
MP |
PP MP |
PP SHT |
PK MP |
PK SHT |
FO% |
FOT |
GA |
TA |
| Bobby Brink | RW | 0 | 0 | 0 | -1 | 0 | 4 | 4 | 0 | 20:41 | 3:56 | 0 | 0:00 | 0 | 0% |
0 | 3 | 0 |
| Colin White | C/RW | 0 | 0 | 0 | -1 | 0 | 1 | 4 | 0 | 24:02 | 3:59 | 0 | 1:12 | 2 | 77% |
26 | 2 | 2 |
| Ethan Frisch | D | 0 | 0 | 0 | 0 | 0 | 0 | 0 | 0 | 0:00 | 0:00 | 0 | 0:00 | 0 | 0% |
0 | 0 | 0 |
| Fredrik Karlstrom | C | 0 | 1 | 1 | 1 | 0 | 2 | 2 | 1 | 13:21 | 0:00 | 0 | 0:00 | 0 | 80% |
5 | 0 | 0 |
| Jake Massie | D | 0 | 1 | 1 | 0 | 0 | 0 | 0 | 0 | 11:48 | 2:40 | 0 | 0:00 | 0 | 0% |
0 | 0 | 0 |
| Josh Doan | RW | 0 | 0 | 0 | 0 | 0 | 0 | 0 | 0 | 0:15 | 0:05 | 0 | 0:00 | 0 | 0% |
0 | 0 | 0 |
| Julien Gauthier | RW | 0 | 0 | 0 | 0 | 0 | 2 | 3 | 0 | 19:23 | 3:13 | 0 | 0:00 | 0 | 0% |
0 | 0 | 0 |
| Kale Clague | D | 0 | 0 | 0 | -1 | 0 | 0 | 2 | 0 | 23:46 | 0:34 | 0 | 0:00 | 0 | 0% |
0 | 1 | 1 |
| Linus Karlsson | RW | 1 | 1 | 2 | 1 | 0 | 1 | 3 | 0 | 15:08 | 0:11 | 0 | 0:00 | 0 | 0% |
0 | 0 | 0 |
| Mac Hollowell | D | 0 | 0 | 0 | 1 | 0 | 1 | 0 | 0 | 14:03 | 0:11 | 0 | 0:32 | 0 | 0% |
0 | 0 | 0 |
| Marat Khusnutdinov | C | 0 | 0 | 0 | 0 | 0 | 0 | 1 | 0 | 7:43 | 1:06 | 0 | 0:37 | 1 | 50% |
2 | 0 | 0 |
| Nick Abruzzese | C/LW | 0 | 0 | 0 | 0 | 0 | 1 | 0 | 1 | 17:25 | 3:12 | 0 | 0:33 | 0 | 0% |
0 | 0 | 0 |
| Nikita Novikov | D | 0 | 0 | 0 | 0 | 0 | 2 | 0 | 0 | 23:02 | 4:45 | 0 | 1:17 | 0 | 0% |
0 | 0 | 0 |
| Reilly Walsh | D | 0 | 0 | 0 | 0 | 0 | 0 | 1 | 0 | 29:15 | 4:12 | 0 | 1:17 | 0 | 0% |
0 | 0 | 3 |
| Rem Pitlick | LW/RW | 0 | 0 | 0 | -1 | 0 | 3 | 2 | 1 | 22:53 | 3:48 | 1 | 1:16 | 0 | 50% |
2 | 0 | 0 |
| Stanislav Svozil | D | 0 | 0 | 0 | 0 | 2 | 2 | 1 | 0 | 19:49 | 2:39 | 0 | 0:32 | 0 | 0% |
0 | 0 | 1 |
| Trey Fix-Wolansky | RW | 1 | 0 | 1 | 0 | 2 | 2 | 1 | 0 | 14:35 | 2:19 | 1 | 0:00 | 0 | 100% |
3 | 0 | 0 |
| William Eklund | LW | 0 | 1 | 1 | 1 | 0 | 2 | 1 | 0 | 18:51 | 0:14 | 0 | 0:00 | 0 | 60% |
5 | 0 | 1 |
Canucks
| 5 vs 5 Forward |
|---|
| Line # | Left Wing | Center | Right Wing | PHY | DF | OF | Wanted % | Time % | Time Play |
| 1 | Adam Cracknell | Nils Aman | Will Lockwood | 1 | 2 | 2 | 40 | 35% | 16:45
|
| 2 | Turner Elson | Gabriel Dumont | Olle Lycksell | 1 | 2 | 2 | 30 | 36% | 16:51
|
| 3 | Max Willman | Chris Wagner | Connor Ford | 1 | 2 | 2 | 20 | 27% | 12:58
|
| 4 | Will Lockwood | Nils Aman | Adam Cracknell | 1 | 2 | 2 | 10 | 2% | 0:51
|
| 5 vs 5 Defense |
|---|
| Line # | Defense | Defense | | PHY | DF | OF | Wanted % | Time % | Time Play |
| 1 | Jacob Bryson | Danny DeKeyser | | 1 | 2 | 2 | 40 | 37% | 17:42
|
| 2 | Brogan Rafferty | Marcus Bjork | | 1 | 2 | 2 | 30 | 29% | 13:35
|
| 3 | Michael Benning | Lane Hutson | | 1 | 2 | 2 | 20 | 20% | 9:41
|
| 4 | Olivier Galipeau | Dawson Barteaux | | 1 | 2 | 2 | 10 | 14% | 6:27
|
| Power Play Forward |
|---|
| Line # | Left Wing | Center | Right Wing | PHY | DF | OF | Wanted % | Time % | Time Play |
| 1 | Adam Cracknell | Nils Aman | Will Lockwood | 1 | 2 | 2 | 60 | 58% | 1:03
|
| 2 | Turner Elson | Gabriel Dumont | Olle Lycksell | 1 | 2 | 2 | 40 | 42% | 0:46
|
| Power Play Defense |
|---|
| Line # | Defense | Defense | | PHY | DF | OF | Wanted % | Time % | Time Play |
| 1 | Jacob Bryson | Danny DeKeyser | | 1 | 2 | 2 | 60 | 67% | 1:13
|
| 2 | Brogan Rafferty | Marcus Bjork | | 1 | 2 | 2 | 40 | 33% | 0:36
|
| Penalty Kill 4 Players Forward |
|---|
| Line # | Center | Wing | PHY | DF | OF | Wanted % | Time % | Time Play |
| 1 | Nils Aman | Will Lockwood | 1 | 2 | 2 | 60 | 75% | 5:34
|
| 2 | Adam Cracknell | Gabriel Dumont | 1 | 2 | 2 | 40 | 25% | 1:51
|
| Penalty Kill 4 Players Defense |
|---|
| Line # | Defense | Defense | PHY | DF | OF | Wanted % | Time % | Time Play |
| 1 | Jacob Bryson | Danny DeKeyser | 1 | 2 | 2 | 60 | 56% | 4:08
|
| 2 | Brogan Rafferty | Marcus Bjork | 1 | 2 | 2 | 40 | 44% | 3:17
|
| Penalty Kill 3 Players |
|---|
| Line # | Wing | PHY | DF | OF | Wanted % | Time % | Time Play | Defense | Defense | PHY | DF | OF | Wanted % | Time % | Time Play |
| 1 | Nils Aman | 1 | 2 | 2 | 60 | 0% | 0:00
| Jacob Bryson | Danny DeKeyser | 1 | 2 | 2 | 60 | 0% | 0:00
|
| 2 | Will Lockwood | 1 | 2 | 2 | 40 | 0% | 0:00
| Brogan Rafferty | Marcus Bjork | 1 | 2 | 2 | 40 | 0% | 0:00
|
| 4 vs 4 Forward |
|---|
| Line # | Center | Wing | PHY | DF | OF | Wanted % | Time % | Time Play |
| 1 | Nils Aman | Will Lockwood | 1 | 2 | 2 | 60 | 100% | 2:09
|
| 2 | Adam Cracknell | Gabriel Dumont | 1 | 2 | 2 | 40 | 0% | 0:00
|
| 4 vs 4 Defense |
|---|
| Line # | Defense | | PHY | DF | OF | Wanted % | Time % | Time Play |
| 1 | Jacob Bryson | Danny DeKeyser | 1 | 2 | 2 | 60 | 78% | 60% - 1:40
|
| 2 | Brogan Rafferty | Marcus Bjork | 1 | 2 | 2 | 40 | 22% | 40% - 0:29
|
| Last Minutes Offensive |
|---|
| Left Wing | Center | Right Wing | Defense | Defense |
| Adam Cracknell | Nils Aman | Will Lockwood | Jacob Bryson | Danny DeKeyser |
| Last Minutes Defensive |
|---|
| Left Wing | Center | Right Wing | Defense | Defense |
| Adam Cracknell | Nils Aman | Will Lockwood | Jacob Bryson | Danny DeKeyser |
| Time |
|---|
| Total Forward | Total Defense | Last Minutes Offensive | Last Minutes Defensive |
| 60:00 |
60:00 |
1:12 | 0:00 |
| Extra Forwards |
|---|
| Normal | PowerPlay | Penalty Kill |
|
Chris Wagner, Max Willman, Connor Ford | Chris Wagner, Max Willman | Connor Ford |
| Extra Defensemen |
|---|
| Normal | PowerPlay | Penalty Kill |
|
Olivier LeBlanc, Michael Benning, Lane Hutson | Olivier LeBlanc, Michael Benning | Lane Hutson |
| Penalty Shots |
|---|
|
Nils Aman, Will Lockwood, Adam Cracknell, Gabriel Dumont, Olle Lycksell |
| Goalie |
|---|
| Calvin Pickard, Cayden Primeau |
| Scratches |
|---|
|
Alexis Gendron (Healthy), Daylan Kuefler (Healthy), Brayden Burke (Healthy), Olivier Nadeau (Healthy), John Stevens (Healthy)
Carson Gicewicz (Healthy), Anton Blidh (Healthy), Oliver Chau (Healthy), Max Ellis (Healthy), Oliver Cooper (Healthy)
Peyton Jones (Healthy), Cale Morris (Healthy) |
Roadrunners
| 5 vs 5 Forward |
|---|
| Line # | Left Wing | Center | Right Wing | PHY | DF | OF | Wanted % | Time % | Time Play |
| 1 | Rem Pitlick | Colin White | Bobby Brink | 1 | 2 | 2 | 40 | 31% | 14:52
|
| 2 | Nick Abruzzese | William Eklund | Julien Gauthier | 1 | 2 | 2 | 30 | 31% | 14:44
|
| 3 | William Eklund | Fredrik Karlstrom | Linus Karlsson | 1 | 2 | 2 | 20 | 28% | 13:05
|
| 4 | Julien Gauthier | Colin White | Trey Fix-Wolansky | 1 | 2 | 2 | 10 | 10% | 4:47
|
| 5 vs 5 Defense |
|---|
| Line # | Defense | Defense | | PHY | DF | OF | Wanted % | Time % | Time Play |
| 1 | Reilly Walsh | Kale Clague | | 1 | 3 | 1 | 40 | 26% | 12:10
|
| 2 | Reilly Walsh | Nikita Novikov | | 2 | 2 | 1 | 30 | 25% | 11:50
|
| 3 | Kale Clague | Stanislav Svozil | | 1 | 2 | 2 | 20 | 27% | 12:40
|
| 4 | Mac Hollowell | Reilly Walsh | | 1 | 2 | 2 | 10 | 23% | 10:48
|
| Power Play Forward |
|---|
| Line # | Left Wing | Center | Right Wing | PHY | DF | OF | Wanted % | Time % | Time Play |
| 1 | Rem Pitlick | Colin White | Bobby Brink | 0 | 1 | 4 | 60 | 59% | 4:22
|
| 2 | Nick Abruzzese | Colin White | Julien Gauthier | 0 | 1 | 4 | 40 | 41% | 3:03
|
| Power Play Defense |
|---|
| Line # | Defense | Defense | | PHY | DF | OF | Wanted % | Time % | Time Play |
| 1 | Reilly Walsh | Nikita Novikov | | 0 | 1 | 4 | 60 | 100% | 7:25
|
| 2 | Reilly Walsh | Nikita Novikov | | 0 | 1 | 4 | 40 | 0% | 0:00
|
| Penalty Kill 4 Players Forward |
|---|
| Line # | Center | Wing | PHY | DF | OF | Wanted % | Time % | Time Play |
| 1 | Colin White | Rem Pitlick | 1 | 3 | 1 | 60 | 100% | 1:49
|
| 2 | Colin White | Nick Abruzzese | 1 | 3 | 1 | 40 | 0% | 0:00
|
| Penalty Kill 4 Players Defense |
|---|
| Line # | Defense | Defense | PHY | DF | OF | Wanted % | Time % | Time Play |
| 1 | Reilly Walsh | Nikita Novikov | 2 | 3 | 0 | 60 | 100% | 1:49
|
| 2 | Reilly Walsh | Nikita Novikov | 2 | 3 | 0 | 40 | 0% | 0:00
|
| Penalty Kill 3 Players |
|---|
| Line # | Wing | PHY | DF | OF | Wanted % | Time % | Time Play | Defense | Defense | PHY | DF | OF | Wanted % | Time % | Time Play |
| 1 | Colin White | 0 | 5 | 0 | 60 | 0% | 0:00
| Reilly Walsh | Nikita Novikov | 1 | 4 | 0 | 60 | 0% | 0:00
|
| 2 | Rem Pitlick | 0 | 5 | 0 | 40 | 0% | 0:00
| Reilly Walsh | Nikita Novikov | 1 | 4 | 0 | 40 | 0% | 0:00
|
| 4 vs 4 Forward |
|---|
| Line # | Center | Wing | PHY | DF | OF | Wanted % | Time % | Time Play |
| 1 | Colin White | Rem Pitlick | 1 | 2 | 2 | 60 | 100% | 2:09
|
| 2 | Colin White | Nick Abruzzese | 1 | 2 | 2 | 40 | 0% | 0:00
|
| 4 vs 4 Defense |
|---|
| Line # | Defense | | PHY | DF | OF | Wanted % | Time % | Time Play |
| 1 | Reilly Walsh | Nikita Novikov | 1 | 2 | 2 | 60 | 100% | 60% - 2:09
|
| 2 | Reilly Walsh | Nikita Novikov | 1 | 2 | 2 | 40 | 0% | 40% - 0:00
|
| Last Minutes Offensive |
|---|
| Left Wing | Center | Right Wing | Defense | Defense |
| Rem Pitlick | Colin White | Bobby Brink | Reilly Walsh | Kale Clague |
| Last Minutes Defensive |
|---|
| Left Wing | Center | Right Wing | Defense | Defense |
| Rem Pitlick | Colin White | William Eklund | Reilly Walsh | Kale Clague |
| Time |
|---|
| Total Forward | Total Defense | Last Minutes Offensive | Last Minutes Defensive |
| 60:00 |
60:00 |
0:00 | 1:09 |
| Extra Forwards |
|---|
| Normal | PowerPlay | Penalty Kill |
|
Trey Fix-Wolansky, Colin White, Linus Karlsson | Trey Fix-Wolansky, Rem Pitlick | Trey Fix-Wolansky |
| Extra Defensemen |
|---|
| Normal | PowerPlay | Penalty Kill |
|
Stanislav Svozil, Mac Hollowell, Reilly Walsh | Stanislav Svozil, Stanislav Svozil | Mac Hollowell |
| Penalty Shots |
|---|
|
Colin White, Julien Gauthier, Rem Pitlick, Bobby Brink, Trey Fix-Wolansky |
| Goalie |
|---|
| Daniil Chechelev, Garrett Metcalf |
| Scratches |
|---|
|
Domenick Fensore (Healthy), Eetu Liukas (Healthy), Ethan Cardwell (Healthy), Marco Kasper (Healthy), Matthew Maggio (Healthy)
Nikita Chibrikov (Healthy), Roni Hirvonen (Healthy), Trevor Kuntar (Healthy), Angus Crookshank (Healthy), Brayden Tracey (Healthy)
Evan Barratt (Healthy), Griffin Luce (Healthy), Jamieson Rees (Healthy), Ryan O'Rourke (Healthy), Grant Mismash (Healthy)
Brad Lambert (Healthy), Brendan Brisson (Healthy), Karl Henriksson (Healthy), Samuel Knazko (Healthy), Darion Hanson (Healthy) |
Play-by-Play
1st period
0:01 of 1st period - Colin White wins face-off versus Nils Aman in neutral zone.
3:36 of 1st period - Danny DeKeyser is hit by Nick Abruzzese and loses puck.
5:08 of 1st period - Connor Ford is hit by William Eklund and loses puck.
7:22 of 1st period - Brogan Rafferty is hit by Linus Karlsson and loses puck.
7:36 of 1st period - Icing by Rem Pitlick.
7:37 of 1st period - Trey Fix-Wolansky wins face-off versus Chris Wagner in Roadrunners zone.
8:09 of 1st period - Minor Penalty to Danny DeKeyser for Interference.
8:10 of 1st period - Colin White wins face-off versus Nils Aman in Canucks zone.
8:47 of 1st period - Nils Aman is hit by Julien Gauthier and loses puck.
9:08 of 1st period - Wrist shot by Gabriel Dumont.
9:08 of 1st period - Shot Misses the Net.
9:10 of 1st period - Slapshot by Brogan Rafferty.
9:10 of 1st period - Shot Blocked by Rem Pitlick.
9:20 of 1st period - Brogan Rafferty is hit by Bobby Brink and loses puck.
10:09 of 1st period - Penalty to Danny DeKeyser is over, Danny DeKeyser is back on ice.
10:09 of 1st period - Nils Aman is hit by Julien Gauthier and loses puck.
10:30 of 1st period - Wrist shot by Chris Wagner.
10:30 of 1st period - Stopped by Daniil Chechelev with a rebound.
10:44 of 1st period - Wrist shot by Olle Lycksell.
10:44 of 1st period - Shot Blocked by Fredrik Karlstrom.
11:28 of 1st period - Icing by Adam Cracknell.
11:29 of 1st period - Nils Aman wins face-off versus Colin White in Canucks zone.
11:40 of 1st period - Gabriel Dumont is hit by Stanislav Svozil and loses puck.
11:55 of 1st period - Connor Ford is hit by Trey Fix-Wolansky and loses puck.
12:06 of 1st period - Reilly Walsh is hit by Nils Aman and loses puck.
12:19 of 1st period - Backhand shot by Gabriel Dumont.
12:19 of 1st period - Stopped by Daniil Chechelev with a rebound.
15:22 of 1st period - Icing by Turner Elson.
15:23 of 1st period - Fredrik Karlstrom wins face-off versus Gabriel Dumont in Canucks zone.
15:48 of 1st period - Michael Benning is hit by Fredrik Karlstrom and loses puck.
16:14 of 1st period - Icing by Brogan Rafferty.
16:15 of 1st period - Colin White wins face-off versus Chris Wagner in Canucks zone.
16:20 of 1st period - Wrist shot by Linus Karlsson.
16:20 of 1st period - Shot Misses the Net.
16:22 of 1st period - Wrist shot by William Eklund.
16:22 of 1st period - Stopped by Calvin Pickard without a rebound.
16:23 of 1st period - Fredrik Karlstrom wins face-off versus Nils Aman in Canucks zone.
16:28 of 1st period - Wrist shot by Linus Karlsson.
16:28 of 1st period - Shot Misses the Net.
16:30 of 1st period - Snap shot by Fredrik Karlstrom.
16:30 of 1st period - Stopped by Calvin Pickard with a rebound.
16:32 of 1st period - Wrist shot by Fredrik Karlstrom.
16:32 of 1st period - Stopped by Calvin Pickard with a rebound.
16:34 of 1st period - Snap shot by Linus Karlsson.
16:34 of 1st period - Stopped by Calvin Pickard without a rebound.
16:35 of 1st period - Adam Cracknell wins face-off versus Colin White in Canucks zone.
16:42 of 1st period - Colin White is hit by Jacob Bryson.
17:07 of 1st period - Off-side.
17:08 of 1st period - Gabriel Dumont wins face-off versus William Eklund in neutral zone.
18:43 of 1st period - Backhand shot by Max Willman.
18:43 of 1st period - Shot Blocked by Nick Abruzzese.
18:50 of 1st period - Icing by Nick Abruzzese.
18:51 of 1st period - Nils Aman wins face-off versus William Eklund in Roadrunners zone.
18:52 of 1st period - Snap shot by Will Lockwood.
18:52 of 1st period - Stopped by Daniil Chechelev without a rebound.
18:53 of 1st period - Colin White wins face-off versus Gabriel Dumont in Roadrunners zone.
18:57 of 1st period - Off-side.
18:58 of 1st period - Colin White wins face-off versus Gabriel Dumont in neutral zone.
19:24 of 1st period - Will Lockwood is hit by William Eklund and loses puck.
Goals for this period are 0 for Canucks vs 0 for Roadrunners.
Shots for this period are 3 for Canucks vs 4 for Roadrunners.
2nd period
0:01 of 2nd period - Nils Aman wins face-off versus Colin White in neutral zone.
0:06 of 2nd period - Nils Aman is hit by Bobby Brink and loses puck.
0:14 of 2nd period - Minor Penalty to Will Lockwood for Interference.
0:15 of 2nd period - Rem Pitlick wins face-off versus Nils Aman in Canucks zone.
0:27 of 2nd period - Snap shot by Rem Pitlick.
0:27 of 2nd period - Stopped by Calvin Pickard without a rebound.
0:28 of 2nd period - Colin White wins face-off versus Nils Aman in Canucks zone.
0:47 of 2nd period - Connor Ford is hit by Colin White and loses puck.
1:31 of 2nd period - Minor Penalty to Trey Fix-Wolansky for Tripping.
1:32 of 2nd period - Colin White wins face-off versus Chris Wagner in Roadrunners zone.
2:00 of 2nd period - Icing by Nils Aman.
2:01 of 2nd period - Colin White wins face-off versus Nils Aman in Canucks zone.
2:14 of 2nd period - Penalty to Will Lockwood is over, Will Lockwood is back on ice.
2:41 of 2nd period - Snap shot by Marat Khusnutdinov.
2:41 of 2nd period - Stopped by Calvin Pickard without a rebound.
2:42 of 2nd period - Marat Khusnutdinov wins face-off versus Gabriel Dumont in Canucks zone.
3:31 of 2nd period - Penalty to Trey Fix-Wolansky is over, Trey Fix-Wolansky is back on ice.
3:42 of 2nd period - Linus Karlsson is hit by Marcus Bjork.
4:05 of 2nd period - Nikita Novikov is hit by Nils Aman and loses puck.
4:46 of 2nd period - Linus Karlsson is hit by Turner Elson and loses puck.
5:27 of 2nd period - Icing by Jacob Bryson.
5:28 of 2nd period - Colin White wins face-off versus Gabriel Dumont in Canucks zone.
5:29 of 2nd period - Snap shot by Bobby Brink.
5:29 of 2nd period - Stopped by Calvin Pickard without a rebound.
5:30 of 2nd period - Nils Aman wins face-off versus Fredrik Karlstrom in Canucks zone.
6:27 of 2nd period - Slapshot by Will Lockwood.
6:27 of 2nd period - Shot Misses the Net.
6:29 of 2nd period - Slapshot by Nils Aman.
6:29 of 2nd period - Stopped by Daniil Chechelev without a rebound.
6:30 of 2nd period - Fredrik Karlstrom wins face-off versus Nils Aman in Roadrunners zone.
6:55 of 2nd period - Reilly Walsh is hit by Turner Elson and loses puck.
7:17 of 2nd period - Snap shot by William Eklund.
7:17 of 2nd period - Shot Misses the Net.
7:24 of 2nd period - Icing by William Eklund.
7:25 of 2nd period - Fredrik Karlstrom wins face-off versus Nils Aman in Roadrunners zone.
7:32 of 2nd period - Wrist shot by Linus Karlsson.
7:32 of 2nd period - Goal by Linus Karlsson - Canucks : 0 - Roadrunners : 1.
7:33 of 2nd period - Colin White wins face-off versus Nils Aman in neutral zone.
7:38 of 2nd period - Slapshot by Reilly Walsh.
7:38 of 2nd period - Deflect By Nils Aman.
7:38 of 2nd period - Stopped by Calvin Pickard with a rebound.
7:40 of 2nd period - Snap shot by Bobby Brink.
7:40 of 2nd period - Stopped by Calvin Pickard with a rebound.
8:11 of 2nd period - Slapshot by Jacob Bryson.
8:11 of 2nd period - Stopped by Daniil Chechelev with a rebound.
8:13 of 2nd period - Slapshot by Olle Lycksell.
8:13 of 2nd period - Canucks goal is going for a video replay.
8:13 of 2nd period - The goal is refused. The puck has been kicked using a distinct kicking motion..
8:14 of 2nd period - Colin White wins face-off versus Chris Wagner in Roadrunners zone.
8:14 of 2nd period - Colin White is hit by Chris Wagner.
8:24 of 2nd period - Slapshot by Chris Wagner.
8:24 of 2nd period - Stopped by Daniil Chechelev with a rebound.
8:26 of 2nd period - Snap shot by Chris Wagner.
8:26 of 2nd period - Shot Misses the Net.
8:28 of 2nd period - Slapshot by Connor Ford.
8:28 of 2nd period - Stopped by Daniil Chechelev with a rebound.
8:30 of 2nd period - Snap shot by Brogan Rafferty.
8:30 of 2nd period - Stopped by Daniil Chechelev without a rebound.
8:31 of 2nd period - William Eklund wins face-off versus Nils Aman in Roadrunners zone.
8:38 of 2nd period - Slapshot by Nick Abruzzese.
8:38 of 2nd period - Deflect By Julien Gauthier.
8:38 of 2nd period - Stopped by Calvin Pickard with a rebound.
8:40 of 2nd period - Slapshot by Julien Gauthier.
8:40 of 2nd period - Stopped by Calvin Pickard without a rebound.
8:41 of 2nd period - William Eklund wins face-off versus Nils Aman in Canucks zone.
8:44 of 2nd period - Wrist shot by William Eklund.
8:44 of 2nd period - Shot Misses the Net.
8:46 of 2nd period - Wrist shot by William Eklund.
8:46 of 2nd period - Shot Blocked by Adam Cracknell.
8:52 of 2nd period - Snap shot by Julien Gauthier.
8:52 of 2nd period - Stopped by Calvin Pickard with a rebound.
8:54 of 2nd period - Snap shot by Kale Clague.
8:54 of 2nd period - Stopped by Calvin Pickard with a rebound.
8:56 of 2nd period - Slapshot by Stanislav Svozil.
8:56 of 2nd period - Stopped by Calvin Pickard without a rebound.
8:57 of 2nd period - Colin White wins face-off versus Gabriel Dumont in Canucks zone.
9:02 of 2nd period - Wrist shot by Bobby Brink.
9:02 of 2nd period - Stopped by Calvin Pickard with a rebound.
9:26 of 2nd period - Slapshot by Kale Clague.
9:26 of 2nd period - Stopped by Calvin Pickard with a rebound.
10:14 of 2nd period - Snap shot by Will Lockwood.
10:14 of 2nd period - Stopped by Daniil Chechelev with a rebound.
10:26 of 2nd period - Olle Lycksell is hit by Fredrik Karlstrom and loses puck.
11:39 of 2nd period - Olle Lycksell is hit by Stanislav Svozil and loses puck.
12:22 of 2nd period - Reilly Walsh is hit by Connor Ford and loses puck.
12:56 of 2nd period - Minor Penalty to Max Willman for Hooking.
12:57 of 2nd period - Nils Aman wins face-off versus Colin White in Canucks zone.
13:05 of 2nd period - Nils Aman is hit by Rem Pitlick.
14:06 of 2nd period - Rem Pitlick is hit by Adam Cracknell and loses puck.
14:56 of 2nd period - Penalty to Max Willman is over, Max Willman is back on ice.
15:20 of 2nd period - Snap shot by Gabriel Dumont.
15:20 of 2nd period - Stopped by Daniil Chechelev with a rebound.
15:22 of 2nd period - Snap shot by Gabriel Dumont.
15:22 of 2nd period - Shot Misses the Net.
15:24 of 2nd period - Wrist shot by Brogan Rafferty.
15:24 of 2nd period - Stopped by Daniil Chechelev without a rebound.
15:25 of 2nd period - Trey Fix-Wolansky wins face-off versus Nils Aman in Roadrunners zone.
16:34 of 2nd period - Nikita Novikov is hit by Max Willman and loses puck.
19:27 of 2nd period - Danny DeKeyser is hit by Rem Pitlick and loses puck.
Goals for this period are 0 for Canucks vs 1 for Roadrunners.
Shots for this period are 9 for Canucks vs 13 for Roadrunners.
3rd period
0:01 of 3rd period - Colin White wins face-off versus Nils Aman in neutral zone.
0:06 of 3rd period - Slapshot by Kale Clague.
0:06 of 3rd period - Deflect By Colin White.
0:06 of 3rd period - Stopped by Calvin Pickard with a rebound.
0:08 of 3rd period - Slapshot by Reilly Walsh.
0:08 of 3rd period - Shot Misses the Net.
0:10 of 3rd period - Wrist shot by Rem Pitlick.
0:10 of 3rd period - Shot Misses the Net.
0:12 of 3rd period - Wrist shot by Rem Pitlick.
0:12 of 3rd period - Stopped by Calvin Pickard with a rebound.
0:14 of 3rd period - Wrist shot by Colin White.
0:14 of 3rd period - Stopped by Calvin Pickard with a rebound.
0:16 of 3rd period - Wrist shot by Colin White.
0:16 of 3rd period - Shot Misses the Net.
0:26 of 3rd period - Nick Abruzzese is hit by Danny DeKeyser.
0:59 of 3rd period - Chris Wagner is hit by Nikita Novikov and loses puck.
2:11 of 3rd period - Gabriel Dumont is hit by Trey Fix-Wolansky and loses puck.
5:42 of 3rd period - Icing by Nils Aman.
5:43 of 3rd period - Colin White wins face-off versus Nils Aman in Canucks zone.
9:00 of 3rd period - Lane Hutson is hit by Mac Hollowell and loses puck.
9:19 of 3rd period - Icing by Colin White.
9:20 of 3rd period - Colin White wins face-off versus Chris Wagner in Roadrunners zone.
10:35 of 3rd period - Minor Penalty to Stanislav Svozil for Hooking.
10:36 of 3rd period - Colin White wins face-off versus Nils Aman in Roadrunners zone.
10:41 of 3rd period - Wrist shot by Rem Pitlick.
10:41 of 3rd period - Shot Misses the Net.
10:43 of 3rd period - Snap shot by Colin White.
10:43 of 3rd period - Stopped by Calvin Pickard without a rebound.
10:44 of 3rd period - Colin White wins face-off versus Nils Aman in Canucks zone.
10:57 of 3rd period - Wrist shot by Rem Pitlick.
10:57 of 3rd period - Shot Misses the Net.
10:59 of 3rd period - Slapshot by Colin White.
10:59 of 3rd period - Stopped by Calvin Pickard without a rebound.
11:00 of 3rd period - Colin White wins face-off versus Will Lockwood in Canucks zone.
11:07 of 3rd period - Minor Penalty to Will Lockwood for Holding Stick.
11:08 of 3rd period - Nils Aman wins face-off versus Colin White in Canucks zone.
11:08 of 3rd period - Nils Aman is hit by Rem Pitlick.
12:02 of 3rd period - Slapshot by Trey Fix-Wolansky.
12:02 of 3rd period - Deflect By Linus Karlsson.
12:02 of 3rd period - Stopped by Calvin Pickard without a rebound.
12:03 of 3rd period - Colin White wins face-off versus Nils Aman in Canucks zone.
12:27 of 3rd period - Off-side.
12:28 of 3rd period - Trey Fix-Wolansky wins face-off versus Max Willman in neutral zone.
12:35 of 3rd period - Penalty to Stanislav Svozil is over, Stanislav Svozil is back on ice.
12:45 of 3rd period - Snap shot by Trey Fix-Wolansky.
12:45 of 3rd period - Goal by Trey Fix-Wolansky - Canucks : 0 - Roadrunners : 2.
12:46 of 3rd period - Colin White wins face-off versus Nils Aman in neutral zone.
12:50 of 3rd period - Off-side.
12:51 of 3rd period - Nils Aman wins face-off versus Rem Pitlick in neutral zone.
12:56 of 3rd period - Snap shot by Nils Aman.
12:56 of 3rd period - Stopped by Daniil Chechelev with a rebound.
12:58 of 3rd period - Wrist shot by Danny DeKeyser.
12:58 of 3rd period - Stopped by Daniil Chechelev with a rebound.
13:00 of 3rd period - Wrist shot by Will Lockwood.
13:00 of 3rd period - Shot Misses the Net.
13:02 of 3rd period - Snap shot by Will Lockwood.
13:02 of 3rd period - Stopped by Daniil Chechelev with a rebound.
13:04 of 3rd period - Backhand shot by Danny DeKeyser.
13:04 of 3rd period - Shot Misses the Net.
13:06 of 3rd period - Snap shot by Danny DeKeyser.
13:06 of 3rd period - Deflect By Nils Aman.
13:06 of 3rd period - Stopped by Daniil Chechelev with a rebound.
13:25 of 3rd period - Snap shot by Max Willman.
13:25 of 3rd period - Goal by Max Willman - Canucks : 1 - Roadrunners : 2.
13:26 of 3rd period - William Eklund wins face-off versus Nils Aman in neutral zone.
13:29 of 3rd period - Snap shot by Nick Abruzzese.
13:29 of 3rd period - Shot Blocked by Danny DeKeyser.
13:31 of 3rd period - Minor Penalty to Adam Cracknell for Roughing.
13:32 of 3rd period - Will Lockwood wins face-off versus Colin White in Canucks zone.
13:45 of 3rd period - Wrist shot by Nils Aman.
13:45 of 3rd period - Shot Misses the Net.
13:47 of 3rd period - Slapshot by Danny DeKeyser.
13:47 of 3rd period - Deflect By Rem Pitlick.
13:47 of 3rd period - Stopped by Daniil Chechelev with a rebound.
14:18 of 3rd period - Jacob Bryson is hit by Bobby Brink and loses puck.
15:15 of 3rd period - Danny DeKeyser is hit by Bobby Brink and loses puck.
15:31 of 3rd period - Penalty to Adam Cracknell is over, Adam Cracknell is back on ice.
15:32 of 3rd period - Danny DeKeyser is hit by Nikita Novikov and loses puck.
19:07 of 3rd period - Bobby Brink is hit by Nils Aman.
19:13 of 3rd period - Snap shot by Bobby Brink.
19:13 of 3rd period - Stopped by Calvin Pickard without a rebound.
19:14 of 3rd period - John Hynes call a timeout for Canucks.
19:14 of 3rd period - Nils Aman wins face-off versus Marat Khusnutdinov in Canucks zone.
Goals for this period are 1 for Canucks vs 1 for Roadrunners.
Shots for this period are 6 for Canucks vs 8 for Roadrunners.